 Dungeon Crawl Stone Soup version 0.17-a0-1481-gfdcec5c (webtiles) character file.

3745 patman the Demolition Mummy (level 9, -2/61 HPs)
             Began as a Mummy Gladiator on July 4, 2015.
             Was an Elder of Makhleb.
             Slain by an Executioner (13 damage)
             ... summoned by the player character
             ... on level 7 of the Dungeon.
             The game lasted 00:13:50 (7842 turns).

patman the Demolition Mummy (Mummy Gladiator)       Turns: 7842, Time: 00:13:51

Health: -2/61      AC:  7    Str: 20    XL:     9   Next: 93%
Magic:  15/15      EV: 12    Int: 11    God:    Makhleb [****..]
Gold:   408        SH:  0    Dex: 12    Spells: 0 memorised, 8 levels left

rFire  x . .     SeeInvis .     a - +4 quarterstaff (chaos)
rCold  + . .     Clarity  .     j - +1 leather armour {MR+}
rNeg   + + +     SustAt   .     (no shield)
rPois  ∞         Gourm    .     c - +0 helmet
rElec  .         Spirit   .     k - +0 cloak {MR+}
rCorr  .         Warding  +     t - +0 pair of gloves
rMut   .         Stasis   .     (no boots)
MR     +++..                    w - amulet of warding
Stlth  +.........               (no ring)
                                s - +2 ring of strength

@: about to teleport, extremely resistant to hostile enchantments, very
unstealthy
A: no food or potions, fire vulnerability, cold resistance 1, negative energy
resistance 3, torment resistance, unbreathing
a: Minor Destruction, Lesser Servant of Makhleb, Major Destruction, Renounce
Religion


You were on level 7 of the Dungeon.
You worshipped Makhleb.
Makhleb was greatly pleased with you.
You were not hungry.

You visited 1 branch of the dungeon, and saw 7 of its levels.
You also visited: Sewer.

You collected 408 gold pieces.

Inventory:

Hand weapons
 a - a +4 quarterstaff of chaos (weapon)
 f - a +0 quarterstaff
 g - a +1 mace of protection
 o - a +0 blowgun
Missiles
 d - 2 throwing nets (quivered)
 p - 3 curare-tipped needles
Armour
 c - a +0 helmet (worn)
 j - a +1 leather armour of magic resistance (worn)
 k - a +0 cloak of magic resistance (worn)
 t - a +0 pair of gloves (worn)
Jewellery
 s - a +2 ring of strength (left hand)
 w - an amulet of warding (around neck)
Magical devices
 l - a wand of magic darts (21)
 u - a wand of lightning (2)
Scrolls
 b - a scroll of blinking
 e - a scroll of immolation
 h - 4 scrolls of recharging
 i - 3 scrolls of enchant weapon
 m - 3 scrolls of fear
 n - 2 scrolls of remove curse
 r - 2 scrolls of teleportation
 x - 2 scrolls of identify
Books
 q - a Necronomicon

   Spells                             Type                      Level
   a - Haunt                          Necromancy/Summoning         7
   b - Borgnjor's Revivification      Necromancy                   8
   c - Death's Door                   Charms/Necromancy            8
   d - Necromutation                  Transmutation/Necromancy     8
 v - a Fen Folio

   Spells                             Type                      Level
   a - Corpse Rot                     Necromancy                   2
   b - Stone Arrow                    Conjuration/Earth            3
   c - Leda's Liquefaction            Hexes/Earth                  4
   d - Summon Forest                  Summoning/Translocation      5
   e - Hydra Form                     Transmutation                6
   f - Summon Hydra                   Summoning                    7


   Skills:
 - Level 2.0 Fighting
 - Level 2.5(5.9) Maces & Flails
 - Level 8.4(8.6) Staves
 - Level 1.5 Throwing
 - Level 2.4 Dodging
 * Level 9.2 Invocations


You had 8 spell levels left.
You didn't know any spells.

Dungeon Overview and Level Annotations

Branches:
Dungeon (7/15)             Temple (0/1) D:5

Altars:
Cheibriados
Dithmenos
Elyvilon
Fedhas
Gozag
Kikubaaqudgha
Makhleb
Nemelex Xobeh
Sif Muna
Xom
Yredelemnul
Zin
The Shining One

Annotations:
Abyss:1 Duvessa


Innate Abilities, Weirdness & Mutations

You do not eat or drink.
Your flesh is vulnerable to fire.
You are immune to poison.
Your flesh is cold resistant.
You are immune to negative energy.
You are immune to unholy pain and torment.
You can survive without breathing.


Message History

Use which ability? (? or * to list)
A demon appears!
It doesn't seem very happy.
You can no longer summon a greater servant of Makhleb.
Your green death hits the skeletal warrior!
The skeletal warrior throws a stone.
The stone hits your green death!!
The skeletal warrior barely misses your green death.
Unknown command.
Read which item? (? for menu, Esc to quit)
As you read the scroll of teleportation, it crumbles to dust.
You feel strangely unstable. The hound bites you.
* * * LOW HITPOINT WARNING * * *
The skeletal warrior throws a stone.
The stone hits your green death!
Your green death barely misses the skeletal warrior.
Unknown command.
The Executioner barely misses you. The Executioner hits you.
* * * LOW HITPOINT WARNING * * *
The Executioner hits you but does no damage.
The Executioner hits you!
You die...

....##.## ######..# #
##.## # #..# # ##.##
########..################
)...†...................>#
###...###.#####........###
..+...# #..# #.@......#
.##...# ##.# #.h1.....#
.###### #.# #.z......# .#
#.# #..(....)# .# #.##
#..2..#### .# #..# #.....#
.# ##.# #.....# ## #.#
#.##'## #.# #. #z#


You could see an Executioner, a skeletal warrior, a hound and a friendly green
death.

Vanquished Creatures
  A skeletal warrior (D:7)
  An unseen horror (D:6)
  A hungry ghost (D:6)
  Menkaure (D:6)
  A black bear (D:6)
  An orc warrior (D:7)
  2 sky beasts
  3 ogres
  A centaur (D:7)
  2 big kobolds
  A gnoll sergeant (D:6)
  3 giant frogs
  Dowan (D:5)
  2 scorpions
  A crimson imp (D:5)
  A giant frog zombie (D:5)
  A giant frog skeleton (D:5)
  Crazy Yiuf (D:2)
  A gnoll shaman (D:6)
  A jelly (shapeshifter) (D:5)
  2 orc priests
  4 hounds
  2 iguanas
  3 worker ants
  6 orc wizards
  2 hound zombies
  10 gnolls (D:6)
  A worker ant zombie (D:6)
  12 adders
  A river rat (shapeshifter) (D:3)
  6 river rats (Sewer)
  2 oozes
  4 worms
  2 adder skeletons
  An adder zombie (D:6)
  19 orcs
  21 bats
  A bat skeleton (D:7)
  6 giant cockroaches
  13 hobgoblins
  25 kobolds
  A quokka (D:3)
  9 ball pythons
  3 giant newts
  11 goblins
  31 rats
225 creatures vanquished.

Vanquished Creatures (others)
  An orc (D:6)
1 creature vanquished.

Grand Total: 226 creatures vanquished

Notes
Turn   | Place    | Note
--------------------------------------------------------------
     0 | D:1      | patman the Mummy Gladiator began the quest for the Orb.
     0 | D:1      | Reached XP level 1. HP: 16/16 MP: 1/1
   355 | D:1      | Reached XP level 2. HP: 17/22 MP: 2/2
   510 | D:1      | Reached skill level 1 in Maces & Flails
   764 | D:2      | Reached XP level 3. HP: 23/27 MP: 3/3
   903 | D:2      | Found a snail-covered altar of Cheibriados.
  1228 | D:2      | Noticed Crazy Yiuf
  1240 | D:2      | Killed Crazy Yiuf
  1240 | D:2      | Reached skill level 3 in Staves
  1240 | D:2      | Reached XP level 4. HP: 15/33 MP: 4/4
  1835 | D:2      | Found a shadowy altar of Dithmenos.
  1987 | D:3      | Reached XP level 5. HP: 38/38 MP: 5/5
  1997 | D:3      | Reached skill level 4 in Staves
  2047 | D:3      | Found a deep blue altar of Sif Muna.
  2249 | D:3      | Found a glowing golden altar of the Shining One.
  2527 | D:3      | Found a blossoming altar of Fedhas.
  2744 | D:3      | Found a burning altar of Makhleb.
  2751 | D:3      | Became a worshipper of Makhleb the Destroyer
  2890 | D:4      | Found a white marble altar of Elyvilon.
  2990 | D:4      | Found a glowing drain.
  3001 | Sewer    | Entered a sewer
  3212 | Sewer    | Acquired Makhleb's first power
  3234 | Sewer    | Reached XP level 6. HP: 35/44 MP: 6/6
  3255 | Sewer    | Reached skill level 5 in Staves
  3365 | Sewer    | Acquired Makhleb's second power
  4168 | D:5      | Entered Level 5 of the Dungeon
  4200 | D:5      | Acquired Makhleb's third power
  4217 | D:5      | Reached skill level 1 in Invocations
  4217 | D:5      | Reached XP level 7. HP: 46/50 MP: 6/8
  4393 | D:5      | Found a shimmering altar of Xom.
  4396 | D:5      | Noticed an angel
  4399 | D:5      | Found a glowing silver altar of Zin.
  4723 | D:5      | Noticed Duvessa
  4725 | D:5      | Noticed Dowan
  4762 | D:5      | Banished Duvessa
  4828 | D:5      | Killed Dowan
  5197 | D:5      | Found an ancient bone altar of Kikubaaqudgha.
  5282 | D:5      | Reached skill level 6 in Staves
  5282 | D:5      | Reached XP level 8. HP: 24/56 MP: 11/11
  5468 | D:5      | Found a sparkling altar of Nemelex Xobeh.
  5664 | D:5      | Found a staircase to the Ecumenical Temple.
  5701 | D:5      | Found an opulent altar of Gozag.
  5802 | D:6      | Noticed Menkaure
  5813 | D:6      | Killed an unseen horror
  5813 | D:6      | Reached skill level 7 in Staves
  5821 | D:6      | Killed Menkaure
  5821 | D:6      | Reached skill level 8 in Staves
  6001 | D:6      | Acquired Makhleb's fourth power
  6120 | D:6      | Reached skill level 5 in Invocations
  6155 | D:6      | Reached XP level 9. HP: 55/61 MP: 12/12
  6351 | D:6      | Found a basalt altar of Yredelemnul.
  6697 | D:7      | Noticed a skeletal warrior
  6697 | D:7      | Noticed a skeletal warrior
  6698 | D:7      | Noticed a skeletal warrior
  6699 | D:7      | Noticed a skeletal warrior
  7212 | D:7      | Acquired Makhleb's fifth power
  7516 | D:7      | HP: 2/61 [skeletal warrior/battleaxe (20)]
  7522 | D:7      | Killed a skeletal warrior
  7522 | D:7      | Reached skill level 9 in Invocations
  7840 | D:7      | Noticed an Executioner
  7842 | D:7      | Slain by an Executioner

Vault maps used:
D:1:      minmay_arrival_arboretum_small, corexii_hall_statues_deadend
D:2:      nicolae_dithmenos_through_a_glass_darkly,
          nicolae_overflow_crystal_walls, first_bread, uniq_crazy_yiuf_cottage
D:3:      fedhas_altar_3, lemuel_doored_altar, makhleb_blood_cavern_becter,
          grunt_ministairs_13, tso_altar
D:4:      lemuel_round_altar, portal_sewer_entry_d
D:5:      grunt_temple_overflow_order_and_chaos_1, overflow_temple_1_default,
          nicolae_gozag_seed_capital, minmay_temple_entry_glassed_door,
          nemelex_dance_club_becter, uniq_duvessa
D:6:      yredelemnul_altar_generic, kennysheep_generic_room_7, uniq_menkaure
D:7:      minivault_14
Sewer:    sewer_minmay_treatment

Action                   |  1- 3 |  4- 6 |  7- 9 || total
-------------------------+-------+-------+-------++-------
Melee: Quarterstaff      |     9 |   229 |   333 ||   571
       Mace              |    97 |       |       ||    97
Throw: Throwing net      |       |       |     1 ||     1
Invok: Minor Destruction |       |       |     9 ||     9
       Major Destruction |       |       |     3 ||     3
       Greater Servant o |       |       |     2 ||     2
Evoke: Wand              |       |       |     2 ||     2
  Use: Scroll            |     4 |     3 |     3 ||    10
 Stab: Confused          |       |     1 |     1 ||     2
       Paralysed         |       |       |     7 ||     7
       Fleeing           |       |       |     1 ||     1
       Petrifying        |       |       |     1 ||     1
